Map: Ephemeron LE

Players

ViBE - Winner!

  • Race: Protoss Protoss
  • League: Silver
  • Spawn Location: 5:00

scalpscorchr

  • Race: Terran Terran
  • League: Silver
  • Spawn Location: 11:00

VOD

https://www.youtube.com/watch?v=kuS_PgtyAP8&list=PLFeZeom2b4DmHduNHeFj-6PfoasuSQn3P&index=2

Description

Time

  • Played on: Dec. 5, 2019, 5:54 p.m.
  • Length: 23:51
Show
View Real Time Build Order
Export as new Build Order

ViBE Protoss - Winner!

Build Orders: 1 Gate Expand 

Get SALT Encoding   

  12  0:01  Probe  
  13  0:13  Probe  
  14  0:19  Pylon  
  14  0:26  Probe  
  15  0:39  Probe  
  15  0:41  Gateway  
  16  0:47  Assimilator  
  16  0:51  Probe  
  17  1:03  Probe  
  18  1:15  Probe  
  19  1:22  Nexus  
  19  1:27  Probe  
  20  1:35  Cybernetics Core  
  20  1:39  Probe  
  21  1:46  Assimilator  
  21  1:51  Pylon  
  21  1:52  Probe  
  22  2:05  Probe  
  23  2:17  Probe  
  23  2:19  Stalker  
  23  2:20  Warp Gate  
  27  2:30  Probe (Chrono Boost)  
  27  2:37  Probe (Chrono Boost)  
  28  2:42  Probe (Chrono Boost)  
  29  2:46  Probe (Chrono Boost)  
  29  2:48  Probe (Chrono Boost)  
  29  2:49  Stalker  
  33  2:51  Probe (Chrono Boost)  
  33  2:56  Probe  
  35  3:03  Probe (Chrono Boost)  
  36  3:08  Probe (Chrono Boost)  
  37  3:15  Probe (Chrono Boost)  
  37  3:16  Pylon  
  37  3:18  Probe (Chrono Boost)  
  39  3:20  Stalker, Probe (Chrono Boost)  
  39  3:23  Probe (Chrono Boost)  
  39  3:26  Robotics Facility  
  43  3:28  Gateway  
  43  3:29  Probe  
  44  3:34  Probe  
  45  3:41  Probe  
  45  3:46  Probe  
  47  3:53  Probe  
  48  3:56  Nexus  
  48  3:57  Pylon  
  48  3:59  Probe  
  48  4:00  Assimilator  
  48  4:01  Assimilator  
  49  4:06  Probe  
  49  4:08  Pylon  
  50  4:10  Pylon  
  50  4:11  Probe  
  51  4:18  Probe  
  51  4:23  Probe  
  53  4:28  Stalker  
  53  4:29  Stalker  
  53  4:30  Observer, Probe  
  59  4:35  Probe  
  60  4:42  Probe  
  60  4:43  Pylon  
  61  4:47  Probe  
  61  4:51  Immortal  
  66  4:54  Stalker, Probe, Pylon  
  66  4:55  Stalker  
  66  4:59  Probe  
  72  5:03  Pylon  
  72  5:06  Probe  
  73  5:11  Probe  
  73  5:13  Probe  
  75  5:18  Probe  
  75  5:19  Stalker x2  
  80  5:23  Probe  
  80  5:25  Probe  
  82  5:30  Probe, Immortal  
  87  5:35  Probe  
  87  5:37  Probe  
  90  5:42  Probe  
  90  5:45  Stalker  
  90  5:46  Nexus  
  90  5:47  Pylon, Probe, Stalker  
  90  5:49  Probe  
  96  5:57  Pylon  
  96  5:59  Pylon, Probe (Chrono Boost)  
  96  6:00  Probe (Chrono Boost)  
  96  6:02  Probe (Chrono Boost)  
  99  6:09  Assimilator x2, Immortal  
  103  6:13  Probe x3 (Chrono Boost)  
  103  6:16  Pylon  
  103  6:18  Pylon, Probe x2 (Chrono Boost)  
  108  6:27  Stalker  
  108  6:28  Stalker  
  112  6:33  Probe x3  
  112  6:38  Gateway  
  112  6:39  Gateway  
  115  6:41  Gateway  
  115  6:42  Gateway  
  115  6:49  Probe (Chrono Boost)  
  115  6:50  Probe x2 (Chrono Boost)  
  115  6:51  Immortal  
  112  7:01  Probe (Chrono Boost)  
  112  7:02  Probe (Chrono Boost)  
  112  7:03  Probe (Chrono Boost)  
  112  7:07  Probe (Chrono Boost)  
  112  7:08  Probe x3 (Chrono Boost)  
  114  7:14  Probe  
  117  7:15  Probe  
  117  7:16  Probe x2  
  117  7:17  Stalker x2  
  124  7:26  Probe, Gateway x2  
  124  7:28  Probe x3, Gateway  
  124  7:30  Gateway  
  118  7:38  Probe  
  118  7:40  Probe x3  
  118  7:49  Assimilator  
  118  7:50  Nexus, Probe  
  118  7:51  Pylon, Assimilator  
  119  7:55  Probe x2  
  121  7:59  Probe  
  121  8:02  Probe  
  123  8:07  Probe x2  
  123  8:11  Stalker x5  
  123  8:12  Stalker  
  137  8:16  Observer  
  138  8:22  Pylon  
  138  8:24  Pylon  
  138  8:27  Pylon  
  138  8:34  Stalker x3  
  138  8:35  Stalker x5  
  138  8:36  Stalker x2  
  138  8:40  Immortal  
  162  8:59  Pylon  
  162  9:13  Forge  
  162  9:18  Forge  
  162  9:21  Forge  
  162  9:26  Twilight Council  
  162  9:30  Stalker x4  
  162  9:31  Stalker x3  
  172  9:32  Stalker x3  
  182  9:40  Gateway  
  182  9:42  Gateway  
  182  9:45  Gateway  
  182  9:48  Gateway  
  182  9:50  Gateway  
  182  9:52  Photon Cannon  
  182  9:54  Photon Cannon  
  182  10:01  Photon Cannon  
  182  10:03  Photon Cannon  
  182  10:05  Photon Cannon  
  182  10:06  Photon Cannon  
  182  10:08  Photon Cannon  
  182  10:11  Photon Cannon  
  182  10:20  Photon Cannon  
  182  10:21  Stalker  
  182  10:22  Stalker x3, Photon Cannon  
  182  10:23  Protoss Ground Weapons Level 1 (Chrono Boost), Stalker x2, Protoss Ground Armor Level 1 (Chrono Boost)  
  182  10:24  Stalker x2, Protoss Shields Level 1 (Chrono Boost)  
  182  10:26  Stalker  
  154  11:42  Assimilator  
  154  11:44  Stalker x4  
  154  11:45  Stalker x4  
  154  11:46  Stalker x4, Assimilator  
  154  11:47  Stalker x3  
  138  11:57  Immortal  
  124  12:06  Pylon  
  124  12:07  Robotics Facility  
  120  12:09  Robotics Facility  
  120  12:15  Stalker x2  
  122  12:16  Stalker x4  
  122  12:17  Stalker x4  
  122  12:18  Stalker x3  
  122  12:19  Stalker x2  
  150  12:27  Protoss Ground Weapons Level 2 (Chrono Boost)  
  150  12:28  Protoss Ground Armor Level 2 (Chrono Boost)  
  150  12:29  Protoss Shields Level 2 (Chrono Boost)  
  150  12:35  Stalker  
  150  12:36  Stalker x4  
  160  12:37  Stalker x4  
  160  12:38  Stalker x4  
  160  12:39  Stalker x2  
  178  13:06  Stalker  
  178  13:07  Stalker x4  
  178  13:08  Stalker x5  
  178  13:09  Stalker  
  196  13:21  Probe x3  
  196  13:22  Probe  
  196  13:24  Pylon  
  181  13:35  Probe x4  
  181  13:40  Nexus  
  181  13:47  Probe  
  154  14:22  Immortal x2  
  154  14:23  Immortal  
  154  14:24  Stalker x4  
  144  14:25  Stalker x5  
  144  14:26  Stalker x3  
  144  14:27  Stalker x3  
  126  14:58  Nexus  
  126  14:59  Pylon  
  126  15:01  Immortal  
  126  15:02  Immortal x2  
  138  15:20  Protoss Ground Weapons Level 3 (Chrono Boost), Protoss Ground Armor Level 3 (Chrono Boost)  
  138  15:21  Protoss Shields Level 3 (Chrono Boost)  
  138  15:44  Immortal x3  
  150  16:12  Stalker x2  
  150  16:13  Stalker x4  
  150  16:14  Stalker x5  
  150  16:15  Stalker  
  150  16:18  Nexus  
  174  16:19  Pylon  
  167  16:36  Immortal x2  
  167  16:37  Immortal  
  154  16:44  Stalker x3  
  154  16:45  Stalker x2  
  159  16:49  Probe  
  159  16:50  Probe x4  
  126  17:01  Probe x2  
  126  17:02  Probe x4  
  126  17:04  Stalker x2  
  126  17:05  Stalker x2  
  126  17:07  Stalker  
  142  17:15  Probe x3  
  144  17:16  Probe  
  144  17:22  Photon Cannon  
  146  17:25  Photon Cannon  
  146  17:28  Pylon  
  146  17:49  Photon Cannon  
  146  17:51  Photon Cannon  
  146  17:52  Immortal x3  
  146  17:55  Stalker x3  
  146  17:56  Stalker  
  166  17:58  Stalker  
  166  18:01  Stalker  
  170  18:18  Stalker x5  
  170  18:19  Stalker x3  
  186  18:38  Immortal x3  
  198  18:45  Stalker  
  200  19:07  Pylon, Nexus  
  195  20:19  Pylon  
  195  20:23  Pylon  
  195  20:27  Pylon  
  195  20:34  Cybernetics Core  
  185  20:41  Robotics Facility  
  171  20:44  Robotics Facility  
  171  20:46  Robotics Facility  
  158  20:50  Gateway x2  
  158  20:53  Gateway  
  158  20:55  Immortal x3  
  154  20:58  Stalker x3  
  154  20:59  Stalker x4  
  154  21:00  Stalker x3  
  154  21:01  Stalker x3  
  154  21:02  Stalker x2  
  151  21:22  Stalker  
  151  21:23  Stalker x3  
  151  21:24  Stalker x4  
  151  21:25  Stalker x3  
  173  21:26  Stalker x4  
  181  21:34  Immortal x2  
  181  21:35  Immortal  
  193  21:40  Gateway  
  193  21:41  Gateway  
  193  21:44  Gateway  
  193  21:46  Gateway  
  183  21:47  Gateway  
  183  21:50  Gateway  
  165  21:57  Stalker  
  165  21:58  Stalker x3  
  165  21:59  Stalker x3  
  165  22:00  Stalker x2  
  167  22:10  Stalker  
  167  22:11  Stalker x2  
  167  22:13  Stalker  
  139  23:05  Immortal x5  
  157  23:06  Immortal  
  157  23:11  Assimilator  
  157  23:12  Assimilator  
  161  23:20  Assimilator x2  
  161  23:46  Nexus  
Show
View Real Time Build Order
Export as new Build Order

scalpscorchr Terran 

Build Orders: Mech 

Get SALT Encoding   

  12  0:01  SCV  
  13  0:17  Supply Depot  
  13  0:18  SCV  
  14  0:30  SCV  
  14  0:31  Refinery  
  15  0:42  SCV  
  16  0:47  Barracks  
  16  1:09  SCV  
  17  1:21  SCV  
  18  1:33  SCV  
  18  1:36  Marine  
  18  1:37  Supply Depot  
  20  1:56  Orbital Command  
  20  2:02  Factory  
  20  2:04  Refinery  
  20  2:07  Supply Depot  
  20  2:12  Marine  
  21  2:38  Command Center  
  21  2:49  Factory Tech Lab  
  21  2:51  Barracks Reactor  
  21  3:01  SCV  
  21  3:05  Armory  
  22  3:13  SCV, Siege Tank  
  26  3:25  SCV  
  27  3:43  Starport  
  27  3:49  Siege Tank  
  30  3:56  Orbital Command  
  30  4:03  SCV  
  31  4:16  SCV  
  32  4:22  SCV  
  33  4:28  SCV  
  34  4:33  Siege Tank  
  34  4:34  SCV  
  34  4:35  Engineering Bay  
  38  4:40  SCV  
  39  4:46  Supply Depot  
  39  4:47  Liberator  
  39  4:49  Liberator  
  40  4:52  SCV  
  40  4:53  SCV  
  40  4:54  Bunker  
  40  4:57  Supply Depot  
  41  5:05  SCV x2  
  49  5:20  SCV x2  
  51  5:31  Refinery  
  51  5:32  SCV x2  
  51  5:33  Refinery  
  53  5:35  Supply Depot  
  53  5:36  Terran Vehicle Weapons Level 1  
  53  6:13  SCV x2  
  53  6:16  Command Center  
  55  6:21  Supply Depot, Command Center  
  55  6:23  Armory  
  55  6:25  SCV  
  56  6:29  SCV  
  57  6:37  SCV  
  58  6:46  SCV  
  59  6:49  SCV  
  60  6:58  SCV  
  58  7:10  SCV x2  
  60  7:44  SCV x2  
  59  7:51  Factory  
  59  7:52  Factory  
  59  7:56  SCV x2  
  61  8:01  Orbital Command, Factory  
  61  8:02  Factory  
  61  8:08  SCV x2, Terran Vehicle Weapons Level 2  
  61  8:09  Terran Vehicle And Ship Armor Level 1  
  61  8:10  Infernal Pre-Igniter  
  63  8:16  Factory  
  63  8:18  Factory  
  63  8:23  Factory  
  63  8:39  Refinery  
  63  8:44  Refinery  
  63  8:47  Orbital Command  
  63  8:51  Factory Tech Lab  
  63  8:52  Factory Tech Lab, Factory Reactor x2  
  63  9:04  SCV x3  
  66  9:12  Liberator x2  
  66  9:16  SCV x4  
  70  9:19  Thor x2  
  70  9:20  Thor  
  87  9:28  SCV x4  
  97  9:33  Hellbat x4  
  97  9:35  Factory Tech Lab, Factory Reactor  
  97  9:37  Factory Tech Lab  
  105  9:40  SCV x2  
  107  9:50  Supply Depot  
  107  9:51  Supply Depot x2  
  107  9:53  Supply Depot  
  107  9:55  Sensor Tower  
  107  10:02  Thor  
  107  10:03  SCV x2, Refinery x2, Sensor Tower  
  107  10:04  SCV  
  116  10:11  SCV, Supply Depot  
  116  10:13  Supply Depot x3  
  117  10:14  Terran Vehicle And Ship Armor Level 2  
  117  10:15  SCV x2  
  117  10:16  SCV  
  117  10:17  Neosteel Armor  
  117  10:18  Smart Servos  
  120  10:23  SCV  
  120  10:28  SCV x3  
  124  10:36  SCV  
  124  10:40  SCV x3  
  128  10:48  SCV  
  129  10:52  SCV  
  130  11:00  SCV x3  
  133  11:04  SCV  
  134  11:12  Thor, SCV x2, Hellbat x6  
  134  11:13  Hellbat x3  
  148  11:29  Thor  
  146  11:36  Thor  
  146  11:38  Hellbat x2  
  147  11:40  Hellbat  
  147  11:41  Hellbat  
  147  11:42  Hellbat  
  147  11:43  Hellbat  
  147  11:46  Thor  
  148  11:50  Thor  
  145  12:01  Thor  
  145  12:07  Supply Depot  
  145  12:09  Supply Depot  
  145  12:10  Supply Depot  
  145  12:14  Supply Depot  
  145  12:19  Supply Depot x2  
  145  12:21  Supply Depot  
  145  12:24  Supply Depot  
  145  12:29  Thor  
  151  12:30  Thor  
  151  12:32  Orbital Command  
  157  13:02  Command Center  
  151  13:14  Thor x4  
  151  13:15  Thor  
  151  13:17  Hellbat  
  177  13:32  SCV x4  
  145  14:19  Hellbat x4  
  145  14:20  Thor, Hellbat x2  
  145  14:21  Thor x2  
  157  14:48  Orbital Command  
  157  14:51  Refinery  
  157  14:53  Refinery  
  157  14:58  Refinery  
  157  15:01  Refinery  
  157  15:02  Refinery  
  157  15:03  Refinery  
  157  15:30  Orbital Command  
  157  15:43  Factory  
  157  15:44  Factory  
  157  15:45  Factory  
  157  15:52  Factory  
  157  16:15  Hellbat x4  
  157  16:17  Thor x5  
  195  16:29  Terran Vehicle And Ship Armor Level 3, Terran Vehicle Weapons Level 3  
  181  16:53  Factory Tech Lab x2  
  181  16:54  Factory Tech Lab x2, Liberator x2, Command Center  
  153  16:59  Thor  
  133  17:08  Hellbat x2  
  133  17:09  Hellbat x4  
  133  17:14  Thor  
  153  17:32  Starport  
  153  17:36  Starport  
  153  17:47  Liberator x2  
  153  17:55  Hellbat x5  
  153  17:56  Hellbat x2  
  153  17:57  Thor x3  
  191  18:09  Hi-Sec Auto Tracking  
  191  18:41  Thor  
  197  18:51  Command Center  
  197  18:53  Command Center  
  197  19:00  Command Center  
  197  19:01  Command Center  
  197  19:02  Starport Tech Lab x2  
  191  19:51  Orbital Command  
  191  19:58  SCV x4  
  194  20:10  SCV x4  
  196  20:22  SCV  
  196  20:23  SCV x2  
  197  20:34  SCV  
  197  20:35  SCV x2  
  190  20:52  Command Center x2  
  181  20:57  Command Center  
  181  21:04  Factory  
  181  21:05  Command Center  
  181  21:11  Refinery  
  181  21:12  Factory  
  181  21:13  SCV, Refinery  
  181  21:14  SCV  
  181  21:15  SCV, Factory  
  181  21:16  Factory  
  181  21:18  Factory  
  176  21:21  Factory  
  176  21:25  SCV  
  163  21:26  SCV  
  163  21:27  SCV  
  160  21:39  SCV x2  
  132  22:12  SCV  
  132  22:14  SCV  
  88  22:24  SCV  
  88  22:26  SCV  
  83  22:53  Factory Tech Lab x3  
  83  22:54  Factory Tech Lab x3  
  83  23:00  Supply Depot  
  83  23:02  Supply Depot  
  83  23:04  Supply Depot x3  
  83  23:07  Supply Depot  
  83  23:08  Supply Depot  
  83  23:11  Supply Depot  
  71  23:13  Supply Depot  
Tags
 
Add a new tag
Caveats
  • Supply blocks, unpowered buildings, or Contaminate may cause inaccurate times.
  • Supply counts are checked every 10 seconds.